 Dungeon Crawl Stone Soup version 0.14.0-17-gc0b17a5 (webtiles) character file.

930 Qrupt the Chopper (level 7, 0/63 HPs)
             Began as a Hill Orc Fighter on Apr 18, 2014.
             Killed by divine providence
             ... invoked by an orc priest
              (14 damage)
             ... on Level 4 of the Dungeon.
             The game lasted 00:11:06 (3833 turns).

Qrupt the Chopper (Hill Orc Fighter)                Turns: 3833, Time: 00:11:11

HP   0/63        AC  7     Str 21      XL: 7   Next: 73%
MP   7/7         EV  7     Int  8      God:
Gold 198         SH 20     Dex 10      Spells:  0 memorised,  6 levels left

rFire  . . .     SeeInvis .     a - +0 war axe
rCold  . . .     Clarity  .     b - +0 scale mail
rNeg   . . .     Conserve .     c - +0 shield
rPois  .         rCorr    .     (no helmet)
rElec  .         rRot     .     (no cloak)
SustAb . .       Spirit   .     (no gloves)
rMut   .         Warding  .     (no boots)
Saprov + . .     Stasis   .     (no amulet)
MR     .....                    (no ring)
                                (no ring)

@: not resistant to hostile enchantments, extremely unstealthy
A: saprovore 1
a: Convert to Beogh


You were on level 4 of the Dungeon.
You were very hungry.

You visited 1 branch of the dungeon, and saw 4 of its levels.
You also visited: Sewer.

You collected 198 gold pieces.

Inventory:

Hand weapons
 a - a +0,+0 war axe (weapon)
Armour
 b - a +0 scale mail (worn)
 c - a +0 shield (worn)
Comestibles
 d - 2 meat rations
 f - 6 bread rations
 n - a banana
 v - a cheese
 A - a chunk of rat flesh
Scrolls
 g - 2 scrolls of identify
 i - 5 scrolls of teleportation
 j - 5 scrolls of remove curse
 k - 3 scrolls of enchant weapon I {unknown}
 m - a scroll of random uselessness {unknown}
 p - 2 scrolls of recharging {unknown}
 s - 2 scrolls of amnesia {unknown}
 t - 2 scrolls of enchant armour {unknown}
 u - a scroll of blinking {unknown}
 w - a scroll of enchant weapon II {unknown}
 z - a scroll of fog {unknown}
Potions
 e - 3 potions of flight
 h - a potion of agility
 l - a potion of resistance
 o - 2 potions of curing
 q - a potion of haste
Books
 r - a book of Summonings

   Spells                             Type                      Level
   Abjuration                         Summoning                    3
   Recall                             Summoning/Translocation      3
   Summon Elemental                   Summoning                    4
   Shadow Creatures                   Summoning                    5
   Summon Demon                       Summoning                    5
   Monstrous Menagerie                Summoning                    6
 y - a book of Maledictions

   Spells                             Type                      Level
   Corona                             Hexes                        1
   Sure Blade                         Hexes/Charms                 2
   Ensorcelled Hibernation            Hexes/Ice                    2
   Confuse                            Hexes                        3
   Enslavement                        Hexes                        4
   Invisibility                       Hexes                        6


   Skills:
 + Level 6.0 Fighting
 + Level 6.5 Axes
 + Level 5.4 Armour
 + Level 5.4 Shields


You had 6 spell levels left.
You didn't know any spells.

Dungeon Overview and Level Annotations

Branches:
Dungeon (4/15)
 Temple: D:4-7

Altars:
Kikubaaqudgha
Trog


Innate Abilities, Weirdness & Mutations

You can tolerate rotten meat.


Message History

The orc is moderately wounded.
The orc closely misses you.
The orc priest mumbles some strange prayers to Beogh against you.
Something smites you!
* * * LOW HITPOINT WARNING * * *
The orc priest threatens, "By the altar or by the axe, you will meet Beogh!"
You hit the orc.
You kill the orc!
You closely miss the orc priest.
The orc priest picks up a club.
The orc priest wields a club.
You slash the orc priest!
The orc priest is heavily wounded.
The orc priest hits you but does no damage.
You miss the orc priest.
The orc priest is heavily wounded.
The orc priest mumbles some strange prayers to Beogh.
You feel a wave of unholy energy pass over you.
The orc priest invokes the aid of Beogh against you.
Something smites you!
You die...

## #.....).....# ≈#
#...........# ≈#
#....##...### ##
#...##.....## #
#..##..._..o#
########..##.....o.#
..........##.#####'#
..........########.#
...........##...@o##
............########
...................#
...................#
...................#
...................#
...................#
...................#
...................#


You could see an orc priest.

Vanquished Creatures
  An ogre (D:4)
  A crimson imp (D:4)
  An orc priest (D:4)
  A siren (Sewer)
  A gnoll shaman (D:4)
  2 worker ants (D:4)
  An orc wizard (D:4)
  Natasha (thrice) (D:3)
  A mermaid (Sewer)
  Terence (D:2)
  6 gnolls
  4 green rats (Sewer)
  3 giant mites
  7 adders
  A white imp (D:3)
  3 worms
  An iguana skeleton (D:4)
  8 giant geckos
  13 orcs
  5 ball pythons
  8 giant cockroaches
  11 goblins
  17 hobgoblins
  10 jackals
  A quokka (D:4)
  A ball python skeleton (D:4)
  6 bats
  5 giant newts
  A goblin skeleton (D:4)
  A hobgoblin skeleton (D:4)
  6 kobolds
  A kobold skeleton (D:4)
  2 orc skeletons (D:4)
  37 rats
171 creatures vanquished.

Vanquished Creatures (others)
  6 drowned souls (Sewer)
6 creatures vanquished.

Grand Total: 177 creatures vanquished

Notes
Turn   | Place    | Note
--------------------------------------------------------------
     0 | D:1      | Qrupt, the Hill Orc Fighter, began the quest for the Orb.
     0 | D:1      | Reached XP level 1. HP: 19/19 MP: 1/1
   196 | D:1      | Reached XP level 2. HP: 21/26 MP: 2/2
   639 | D:2      | Reached XP level 3. HP: 17/33 MP: 3/3
   795 | D:2      | Reached skill level 4 in Fighting
   998 | D:2      | Reached XP level 4. HP: 37/40 MP: 4/4
  1106 | D:2      | Found an ancient bone altar of Kikubaaqudgha.
  1276 | D:2      | Noticed Terence
  1302 | D:2      | Killed Terence
  1648 | D:3      | Noticed Natasha
  1661 | D:3      | Killed Natasha
  1661 | D:3      | Reached XP level 5. HP: 29/47 MP: 5/5
  1767 | D:3      | Noticed Natasha
  1775 | D:3      | Killed Natasha
  2040 | D:3      | Noticed Natasha
  2044 | D:3      | Killed Natasha
  2385 | D:3      | Reached skill level 5 in Fighting
  2386 | D:3      | Reached XP level 6. HP: 44/56 MP: 6/6
  2549 | D:4      | Reached skill level 5 in Axes
  2686 | D:4      | Reached skill level 5 in Shields
  2767 | D:4      | Found a glowing drain.
  2791 | Sewer    | Entered a sewer
  2905 | Sewer    | Reached XP level 7. HP: 58/61 MP: 7/7
  3063 | Sewer    | Reached skill level 5 in Armour
  3072 | Sewer    | Noticed a drowned soul
  3077 | Sewer    | Killed a drowned soul
  3078 | Sewer    | Noticed a drowned soul
  3078 | Sewer    | Noticed a drowned soul
  3080 | Sewer    | Killed a drowned soul
  3080 | Sewer    | Killed a drowned soul
  3081 | Sewer    | Noticed a drowned soul
  3082 | Sewer    | Noticed a drowned soul
  3082 | Sewer    | Noticed a drowned soul
  3083 | Sewer    | Killed a drowned soul
  3085 | Sewer    | Noticed a drowned soul
  3086 | Sewer    | Killed a drowned soul
  3088 | Sewer    | Killed a drowned soul
  3090 | Sewer    | Noticed a drowned soul
  3090 | Sewer    | Noticed a drowned soul
  3091 | Sewer    | Reached skill level 6 in Axes
  3704 | D:4      | Found a bloodstained altar of Trog.
  3833 | D:4      | Killed from afar by an orc priest

Action                   |  1- 3 |  4- 6 |  7- 9 || total
-------------------------+-------+-------+-------++-------
Melee: War axe           |    88 |   362 |   173 ||   623
  Use: Potion            |       |     2 |     3 ||     5
       Scroll            |       |       |     4 ||     4
